 Dungeon Crawl Stone Soup version 0.30-a0-371-gad7725a93e (webtiles) character file.

Game seed: 9201236439620662048

98 Shayle the Trooper (level 4, -5/63 HPs)
             Began as a Naga Reaver on Nov 21, 2022.
             Slain by a gnoll
             ... wielding a +0 flail
              (8 damage)
             ... on level 2 of the Dungeon.
             The game lasted 00:07:05 (1536 turns).

Shayle the Trooper (Naga Reaver)                    Turns: 1536, Time: 00:07:06

Health: -5/63      AC: 22    Str: 14      XL:     4   Next: 69%
Magic:  1/7        EV:  1    Int: 18 (19) God:
Gold:   94         SH:  0    Dex:  6 (8)  Spells: 0/7 levels left

rFire   . . .      SeeInvis +    l - +4 dagger
rCold   . . .      Faith    .    (no shield)
rNeg    . . .      Spirit   .    (body armour currently unavailable)
rPois   +          Reflect  .    (helmet currently unavailable)
rElec   .          Harm     .    (cloak currently unavailable)
rCorr   .          Rampage  .    (gloves currently unavailable)
Will    +....      NoTele   +    (no barding)
Stlth   +.........               (no amulet)
HPRegen 0.30/turn                (no ring)
MPRegen 0.10/turn                (no ring)

@: mighty, brilliant, tree-form, held
A: stationary, stasis, torment immunity, boosted hp, AC +1, large, see
invisible, (deformed body), (poison resistance), (slowness 2), spit poison 1,
(naga tail 1), (antennae 1), (iridescent scales 1), clever 1, strong-willed 1
a: Spit Poison


You were on level 2 of the Dungeon.
You were a tree.
You visited 1 branch of the dungeon, and saw 2 of its levels.

You collected 94 gold pieces.

Inventory:

Hand Weapons
 a - a +0 hand axe
 l - a +4 dagger (weapon)
Missiles
 m - 4 curare-tipped darts (quivered)
Armour
 b - a +1 leather armour (melded)
 i - a +2 hat (melded)
Scrolls
 c - 2 scrolls of butterflies {unknown}
 f - 2 scrolls of teleportation
 g - 2 scrolls of enchant armour
 h - 2 scrolls of identify {unknown}
 k - a scroll of brand weapon {unknown}
 n - a scroll of fear {unknown}


   Skills:
 + Level 3.4 Fighting
 - Level 3.0 Axes
 + Level 2.8 Dodging
 + Level 2.1 Spellcasting
 - Level 3.0 Conjurations
 + Level 0.5 Ice Magic


You couldn't memorise any spells.
You knew the following spells:

 Your Spells              Type           Power      Damage    Failure   Level
a - Kiss of Death         Conj/Necr      40%        2d8       10%         1
b - Hailstorm             Conj/Ice       12%        3d5       26%         3
c - Frozen Ramparts       Ice            10%        1d2       38%         3

Your spell library contained the following spells:

 Spells                   Type           Power      Damage    Failure   Level
 Freeze                   Ice            20%        1d4       14%         1
 Momentum Strike          Conj/Tloc      20%        3d8       14%         2


Dungeon Overview and Level Annotations

Branches:
Dungeon (2/15)

Altars:
Wu Jian


Innate Abilities, Weirdness & Mutations

You are a tree.
Your roots penetrate the ground, keeping you stationary.
You cannot be teleported.
You are immune to unholy pain and torment.
Your maximum health is greatly increased.
Your equipment is partially melded.
((Your serpentine skin is tough. (AC +1)))
You have supernaturally acute eyesight. (SInv)
((Armour fits poorly on your strangely shaped body.))
((Your system is resistant to poisons. (rPois)))
((You cover ground very slowly.))
You can spit poison.
((You have a snake-like lower body.))
((You have a pair of small antennae on your head.))
((You are partially covered in iridescent scales. (AC +2)))
Your mind is acute. (Int +4, Str/Dex -1)
You are strong-willed. (Will+)


Message History

Casting: Kiss of Death (safe; 10% risk of failure)
Confirm with . or Enter, or press ? or * to list all spells.
Casting: Hailstorm (dangerous; 26% risk of failure)
Press: ? - help, Dir - look around, f - activate You feel a surge of power!
A cannonade of hail descends around you!
The hail pelts the gnoll!
The gnoll is severely wounded.
The gnoll hits you but does no damage.
Casting: Hailstorm (dangerous; 26% risk of failure)
Confirm with . or Enter, or press ? or * to list all spells.
Casting: Hailstorm (dangerous; 26% risk of failure)
Press: ? - help, Dir - look around, f - activate You feel a surge of power!
A cannonade of hail descends around you!
The hail pelts the gnoll!
You kill the gnoll!
A gnoll comes into view. It is wielding a +0 flail.
You feel your strength returning.
Throw: 5 darts (curare)
Press: ? - help, Q - select action, (/) - cycle Shift-Dir - straight line, f - gnoll
Aim: a gnoll, wielding a +0 flail and quivering 2 throwing nets (56% to hit)
You throw a curare-tipped dart.
The curare-tipped dart closely misses the gnoll.
The gnoll throws a throwing net.
The throwing net hits you.
You become entangled in the net!
Casting: Hailstorm (dangerous; 26% risk of failure)
Confirm with . or Enter, or press ? or * to list all spells.
Casting: Hailstorm (dangerous; 26% risk of failure)
Press: ? - help, Dir - look around, f - activate You feel a surge of power!
A cannonade of hail descends around you!
The hail pelts the gnoll!
The gnoll is almost dead.
Unknown command.
Casting: Hailstorm (dangerous; 26% risk of failure)
Confirm with . or Enter, or press ? or * to list all spells.
You don't have enough magic to cast this spell.
You struggle against the net.
The gnoll hits you with a +0 flail!
You die...

# ###.......#.#### ..
................ #.
###.......#.#### ..
.......>.##.# #.
###.#...###.# #g
###.##..###.# #.
............#
#.#########.##.†#####
#....))♣.##.##..#
.......######g##.##..#
####### #........#
####.....# #######


You could see a gnoll.

Vanquished Creatures
  2 gnolls (D:2)
  3 adders (D:2)
  A worm (D:2)
  A dart slug (D:1)
  4 ball pythons (D:1)
  8 bats
  5 endoplasms
  A giant cockroach (D:2)
  2 goblins (D:2)
  5 hobgoblins
  3 jackals (D:1)
  2 quokkas (D:1)
  4 frilled lizards
  3 kobolds (D:1)
  A rat (D:1)
45 creatures vanquished.

Notes
Turn   | Place    | Note
-------+----------+-------------------------------------------
     0 | D:1      | Shayle the Naga Reaver began the quest for the Orb.
     0 | D:1      | Reached XP level 1. HP: 19/19 MP: 3/3
   177 | D:1      | Reached XP level 2. HP: 27/27 MP: 5/5
   433 | D:1      | Reached XP level 3. HP: 29/33 MP: 6/6
   778 | D:1      | Found a faded altar of an unknown god.
  1198 | D:2      | Reached XP level 4. HP: 41/42 MP: 7/7
  1261 | D:2      | Learned a level 3 spell: Hailstorm
  1265 | D:2      | Learned a level 3 spell: Frozen Ramparts
  1290 | D:2      | Found an ornate altar of the Wu Jian Council.
  1526 | D:2      | Gained mutation: Your mind is acute. (Int +4, Str/Dex -1)
                  | [potion of mutation]
  1526 | D:2      | Gained mutation: You have a pair of small antennae on your
                  | head. [potion of mutation]
  1526 | D:2      | Gained mutation: You are strong-willed. (Will+) [potion of
                  | mutation]
  1526 | D:2      | Gained mutation: You are partially covered in iridescent
                  | scales. (AC +2) [potion of mutation]
  1528 | D:2      | HP: 1/63 [gnoll/+0 halberd (7)]
  1536 | D:2      | Slain by a gnoll

Illustrated notes

Levels and vault maps discovered:
D:1:      dpeg_arrival_round_b, layout_basic, dilly_ecumenical_altar_fadedgnrine
D:2:      layout_loops_ring, basic_altar, minivault_11

Skill      XL: |  1  2  3 |
---------------+----------+-----
Dodging        | 2 |  2.8
Fighting       | 3 |  3.4
Axes           | |  3.0
Spellcasting   | |  2.1
Conjurations   | |  3.0
Ice Magic      | |  0.5

Action                   |  1- 3 |  4- 6 || total
-------------------------+-------+-------++-------
Melee: Hand axe          |    61 |       ||    61
       Dagger            |    39 |    24 ||    63
       Punch             |       |     1 ||     1
Throw: Dart              |       |     1 ||     1
 Cast: Hailstorm         |       |     3 ||     3
 Abil: Spit Poison       |    24 |     6 ||    30
  Use: Scroll            |     2 |       ||     2
       Potion            |       |     6 ||     6
Armor: Leather armour    |    49 |    18 ||    67
       Skin              |       |     9 ||     9
Dodge: Dodged            |    81 |    16 ||    97

Table legend: (Time is in decaauts)
 A = Elapsed time spent in this place.
 B = Non-inter-level travel time spent in this place.
 C = Inter-level travel time spent in this place.
 D = Time resting spent in this place.
 E = Time spent auto-exploring this place.
 F = Levels seen in this place.
 G = Mean time per level.
                   A        B        C        D        E       F      G
               +--------+--------+--------+--------+--------+-----+--------+
         Total |   1919 |   1830 |     89 |    170 |   1137 |   2 |  959.5 |
       Dungeon |   1919 |   1830 |     89 |    170 |   1137 |   2 |  959.5 |
               +--------+--------+--------+--------+--------+-----+--------+

Top non-repeatable levels by time:
     D:1: 1136 daAuts
     D:2: 783 daAuts
